 Dungeon Crawl Stone Soup version 0.24.0-124-g2791043dd8 (webtiles) character file.

Game seed: 15637631855049869739, levelgen mode: deterministic

90 Lemonice the Gusty (level 4, -2/36 HPs)
             Began as a Tengu Air Elementalist on Feb 16, 2020.
             Slain by Menkaure (8 damage)
             ... on level 3 of the Dungeon.
             The game lasted 00:04:59 (2097 turns).

Lemonice the Gusty (Tengu Air Elementalist)         Turns: 2097, Time: 00:05:00

Health: -2/36      AC: 22    Str:  8    XL:     4   Next: 56%
Magic:  6/9        EV:  2    Int: 16    God:
Gold:   132        SH:  3    Dex: 15    Spells: 7/8 levels left

rFire    . . .     SeeInvis .   (no weapon)
rCold    . . .     Gourm    .   (no shield)
rNeg     + + +     Faith    .   (armour currently unavailable)
rPois    +         Spirit   .   (helmet currently unavailable)
rElec    .         Reflect  +   (cloak currently unavailable)
rCorr    .         Harm     .   (gloves currently unavailable)
MR       +....     NoTele   +   (boots unavailable)
Stlth    ++........             e - +3 amulet of reflection
HPRegen  0.12/turn              i - ring of protection from magic
MPRegen  0.11/turn              k - ring of positive energy

@: tree-form
A: no striking features
a: no special abilities


You were on level 3 of the Dungeon.
You were hungry.
You were a tree.
You visited 1 branch of the dungeon, and saw 4 of its levels.

You collected 132 gold pieces.

Inventory:

Armour
 a - a +0 robe (melded)
 b - a +0 pair of gloves (melded)
Jewellery
 e - a +3 amulet of reflection (around neck)
 i - a ring of protection from magic (left branch)
 k - a ring of positive energy (right branch)
Scrolls
 d - 3 scrolls of identify {unknown}
 f - a scroll of fog {unknown}
 h - a scroll of fear {unknown}
 j - a scroll of enchant armour {unknown}
 l - a scroll of immolation {unknown}
 n - a scroll of remove curse {unknown}
 o - a scroll of amnesia {unknown}
 p - a scroll of enchant weapon {unknown}
Potions
 m - a potion of heal wounds {unknown}
 q - a potion of mutation {unknown}
 r - a potion of curing {unknown}
Comestibles
 c - 7 rations


   Skills:
 - Level 2.1 Dodging
 - Level 2.0 Stealth
 + Level 2.9 Spellcasting
 + Level 3.2 Conjurations
 + Level 5.2 Air Magic


You had 7 spell levels left.
You knew the following spells:

 Your Spells              Type           Power        Failure   Level  Hunger
a - Shock                 Conj/Air       ###.         3%          1    #......

Your spell library contained the following spells:

 Spells                   Type           Power        Failure   Level  Hunger
 Swiftness                Chrm/Air       ##......     10%         2    ##.....
 Static Discharge         Conj/Air       ###.....     10%         3    ###....
 Airstrike                Air            ###.......   22%         4    #####..
 Lightning Bolt           Conj/Air       ###.......   67%         5    ######.


Dungeon Overview and Level Annotations

Branches:
Dungeon (4/15)
 Temple: D:4-7

Altars:
Nemelex Xobeh

Annotations:
D:3 Menkaure


Innate Abilities, Weirdness & Mutations

((You have a beak for a mouth.))
((You have claws for feet.))


Message History

The zap hits Menkaure.
Menkaure is lightly damaged.
Menkaure hits you but does no damage.
Casting: Shock (safe; 3% risk of failure)
Confirm with . or Enter, or press ? or * to list all spells.
Aiming: Shock (safe; 3% risk of failure)
Press: ? - help, Shift-Dir - straight line The zap hits Menkaure.
Menkaure is heavily damaged.
You are feeling hungry.
Menkaure hits you!
* * * LOW HITPOINT WARNING * * *
Casting: Shock (safe; 3% risk of failure)
Confirm with . or Enter, or press ? or * to list all spells.
Aiming: Shock (safe; 3% risk of failure)
Press: ? - help, Shift-Dir - straight line The zap hits Menkaure.
Menkaure is severely damaged.
Menkaure hits you!
You die...

#####............# #............
...........#.#.#.# #.#.#.#######
#####.#......#.#.####...#........
#...........†..................##
#...(............................
.................................
..†............................#.
....##########+######...####÷..#.
....#..........M♣...'...'..#...#.
....#...#....########...#..#...#.
#...#...#....+..........#..#.....
#...#...#....#####'###..#..#...#.
....#...#...>........#..#..#.....
....#...#.#..........#..#..#...#.
#...#...#.#........[#########..#.
#...#...#.#.........#.......#..#.
#...#...#.#########'#.♣♣.♣♣.#..#.


You could see Menkaure.

Vanquished Creatures
  Terence (D:2)
  3 oozes
  3 worms
  2 leopard geckos (D:3)
  7 giant cockroaches
  5 goblins
  7 hobgoblins
  4 kobolds
  A bat (D:3)
  2 frilled lizards
  2 rats
37 creatures vanquished.

Notes
Turn   | Place    | Note
-------+----------+-------------------------------------------
     0 | D:1      | Lemonice the Tengu Air Elementalist began the quest for the
                  | Orb.
     0 | D:1      | Reached XP level 1. HP: 10/10 MP: 4/4
   166 | D:1      | Reached XP level 2. HP: 15/15 MP: 1/6
   627 | D:2      | Found a sparkling altar of Nemelex Xobeh.
   713 | D:2      | Reached XP level 3. HP: 19/19 MP: 0/7
   915 | D:2      | Noticed Terence
   967 | D:2      | Killed Terence
  1123 | D:2      | Reached XP level 4. HP: 22/24 MP: 3/9
  1238 | D:3      | Reached skill level 5 in Air Magic
  2084 | D:4      | Noticed Menkaure
  2097 | D:3      | Slain by Menkaure

Levels and vault maps discovered:
D:1:      elethiomel_arrival_quiet, layout_rooms
D:2:      layout_rooms, lemuel_doored_altar, first_ration, uniq_terence
D:3:      layout_basic, kennysheep_generic_room_9
D:4:      layout_basic, serial_shops, shop, gammafunk_ghost_icy, uniq_menkaure

Skill      XL: |  1  2  3  4 |
---------------+-------------+-----
Conjurations   | 2 3 |  3.2
Air Magic      | 5 |  5.2
Dodging        | |  2.1
Stealth        | |  2.0
Spellcasting   | |  2.9

Action                   |  1- 3 |  4- 6 || total
-------------------------+-------+-------++-------
Melee: Unarmed           |     8 |       ||     8
       Kick              |     3 |       ||     3
 Cast: Shock             |    57 |    40 ||    97
  Use: Potion            |       |     1 ||     1
  Eat: Chunk             |     1 |     3 ||     4
Armor: Robe              |     3 |       ||     3
       Skin              |       |     1 ||     1
Dodge: Dodged            |     5 |     3 ||     8
Block: Other             |     3 |       ||     3
